 Dungeon Crawl Stone Soup version 0.21.1-1-g345015fe64 (webtiles) character file.

80749 Kejsarherre the Champion of Chaos (level 15, -3/135 HPs)
             Began as a Deep Dwarf Fighter on May 13, 2018.
             Was the Champion of Makhleb.
             Slain by a very large slime creature (45 damage)
             ... on level 15 of the Dungeon.
             The game lasted 00:31:15 (16287 turns).

Kejsarherre the Champion of Chaos (DDFi)           Turns: 16287, Time: 00:31:16

Health: -3/135     AC: 23    Str: 25    XL:     15   Next: 24%
Magic:  25/25      EV:  9    Int: 10    God:    Makhleb [******]
Gold:   1111       SH: 17    Dex: 12    Spells: 14/14 levels left

rFire    + . .     SeeInvis .   a - +4 war axe (elec)
rCold    + + +     Gourm    .   c - +0 shield
rNeg     + . .     Faith    .   K - +4 plate armour
rPois    .         Spirit   .   N - +2 hat
rElec    +         Reflect  .   C - scarf {rC+ rF+}
rCorr    .         Harm     .   F - +0 pair of gloves
MR       ++...     Clarity  +   G - +0 pair of boots
Stlth    ..........             (no amulet)
HPRegen  0.00/turn              T - ring of protection from cold
MPRegen  0.19/turn              o - ring of protection from cold

@: non-regenerating
A: damage resistance, heal wounds, antennae 1, large bone plates 1, clarity,
negative energy resistance 1, sense surroundings 2, electricity resistance, no
regeneration
a: Heal Wounds, Minor Destruction, Lesser Servant of Makhleb, Major Destruction,
Greater Servant of Makhleb, Renounce Religion


You were on level 15 of the Dungeon.
You worshipped Makhleb.
Makhleb was exalted by your worship.
You were not hungry.

You visited 2 branches of the dungeon, and saw 20 of its levels.
You also visited: Ice Cave.

You collected 1375 gold pieces.
You spent 264 gold pieces at shops.

Inventory:

Hand Weapons
 a - a +4 war axe of electrocution (weapon)
Armour
 c - a +0 shield (worn)
 C - a scarf of resistance (worn)
 F - a +0 pair of gloves (worn)
 G - a +0 pair of boots (worn)
 K - a +4 plate armour (worn)
 N - a +2 hat (worn)
Jewellery
 o - a ring of protection from cold (right hand)
 p - an uncursed ring of positive energy
 u - an uncursed ring of poison resistance
 T - a ring of protection from cold (left hand)
 X - an uncursed ring of magical power
Wands
 t - a wand of digging (21)
 w - a wand of paralysis (14)
 z - a wand of clouds (3)
 Q - a wand of iceblast (21)
Scrolls
 g - 5 scrolls of fear
 h - a scroll of immolation
 i - 3 scrolls of teleportation
 m - 2 scrolls of fog
 x - a scroll of enchant weapon
 y - 7 scrolls of remove curse
 I - 4 scrolls of enchant armour
 J - 4 scrolls of blinking
 L - 3 scrolls of silence
 S - 4 scrolls of identify
 U - 2 scrolls of magic mapping
 W - 2 scrolls of amnesia
Potions
 b - a potion of ambrosia
 d - 4 potions of might
 e - 4 potions of haste
 l - 3 potions of resistance
 n - 2 potions of magic
 q - 4 potions of curing
 v - a potion of brilliance
 A - 2 potions of mutation
 D - 4 potions of heal wounds
 M - 2 potions of berserk rage
 O - 5 potions of flight
 P - a potion of cancellation
 Z - a potion of invisibility
Books
 j - a book of Minor Magic

   Spells                             Type                      Level
   a - Magic Dart                     Conjuration                  1
   b - Blink                          Translocation                2
   c - Call Imp                       Summoning                    2
   d - Slow                           Hexes                        2
   e - Conjure Flame                  Conjuration/Fire             3
   f - Mephitic Cloud                 Conjuration/Poison/Air       3
Comestibles
 f - 25 rations
 k - 4 chunks of flesh


   Skills:
 + Level 9.1 Fighting
 - Level 12.6 Axes
 + Level 10.8 Armour
 + Level 4.7 Dodging
 * Level 11.6 Shields
 - Level 21.3 Invocations


You had 14 spell levels left.
You didn't know any spells.

Dungeon Overview and Level Annotations

Branches:
Dungeon (15/15)            Temple (0/1) D:5            Lair (6/6) D:8
  Swamp (0/4) Lair:2       Spider (0/4) Lair:4        Slime (0/5) Lair:6
    Orc (0/2) D:9          Vaults (0/5) D:13
 Depths: D:15

Altars:
Ashenzari
Cheibriados
Dithmenos
Fedhas
Makhleb
Okawaru
Sif Muna
Trog
Uskayaw
Vehumet
Xom
Yredelemnul
Zin
The Shining One
Jiyva

Shops:
D:9 [([   D:14 =   D:15 !

Annotations:
Lair:2 exclusion: 2 oklob plants


Innate Abilities, Weirdness & Mutations

You are resistant to damage.
You can heal yourself by infusing magical energy.
You resist negative energy. (rN+)
You passively map the area around you.
You do not regenerate.
You have a pair of small antennae on your head.
You are partially covered in large bone plates. (SH +4)
You possess an exceptional clarity of mind.
You are resistant to electric shocks. (rElec)


Message History

The rakshasa is almost dead.
Two slime creatures merge to form a large slime creature.
You block the rakshasa's attack.
Unknown command.
Unknown command.
You closely miss the rakshasa.
The rakshasa is almost dead.
The rakshasa barely misses you.
Your plate armour prevents you from hitting the rakshasa.
The rakshasa is almost dead.
You slice the rakshasa!! Lightning courses through the rakshasa!
You kill the rakshasa!
Two slime creatures merge to form a very large slime creature.
The rakshasa weaves an illusion.
The very large slime creature shimmers and seems to become two!
A slime creature suddenly becomes a titanic slime creature.
The rakshasa blinks!
A demon appears!
The very large slime creature hits you!!!
You die...

#.#.## ##.......##
#....####.........###
#.......'.........'..
#....####.........###
#.#.## ##......<##
#.#### ##.....##
#....# ##..### **
####2# ####, #@# { ,
, #J# *, ,, #.#####
*## , #.....#*..## ,*
####.##J...##
#†'J...... **
####§...#. * *
###..##* , #.###### ,


You could see a very large slime creature and a friendly blizzard demon.

Vanquished Creatures
  Rupert (D:14)
  Gastronok (Lair:1)
  Kirke (Lair:5)
  A frost giant (IceCv)
  A fire dragon (Lair:6)
  Erolcha (D:9)
  A rakshasa (D:15)
  4 vault guards (D:13)
  5 hydras
  2 catoblepae
  A centaur warrior (D:13)
  Erica (D:8)
  The ghost of Kejsarherre the Cleaver, a journeyman GrWn of Ashenzari (D:11)
  7 two-headed ogres
  6 death yaks (Lair:4)
  3 skeletal warriors (D:15)
  An unseen horror (D:13)
  A lindwurm (Lair:6)
  An orc knight (D:15)
  A manticore (D:13)
  An orb spider (Lair:4)
  9 ugly things
  A cyclops (D:15)
  A slime creature (D:15)
  3 elephants (Lair:4)
  4 black mambas
  2 ice statues (IceCv)
  A torpor snail (Lair:4)
  3 molten gargoyles (Lair:6)
  4 spiny frogs
  12 komodo dragons
  A freezing wraith (D:14)
  2 efreet
  3 meliai (D:14)
  A jumping spider (shapeshifter) (D:13)
  2 hornets
  15 polar bears
  3 trolls
  A raiju (shapeshifter) (D:15)
  12 blink frogs
  11 hippogriffs
  2 dream sheep (Lair:4)
  2 wraiths
  43 yaks
  7 wyverns
  2 fire elementals (D:13)
  11 hogs
  A human (D:7)
  7 basilisks
  2 hungry ghosts
  A warg (D:15)
  3 steam dragons
  Edmund (D:4)
  Menkaure (D:7)
  6 porcupines
  9 water moccasins
  7 hell hounds
  6 ice beasts
  A black bear (D:10)
  4 sky beasts
  An eye of draining (D:11)
  10 orc warriors
  5 phantoms
  10 wolves
  A necrophage (D:11)
  4 centaurs
  14 ogres
  13 crocodiles
  A big kobold (D:11)
  17 bullfrogs
  A gnoll sergeant (D:8)
  A wyvern zombie (D:13)
  2 wyvern skeletons (D:13)
  A scorpion (D:10)
  9 killer bees
  17 wights
  6 howler monkeys
  6 jellies
  5 lava snakes (Lair:6)
  4 centaur zombies
  A bullfrog zombie (D:13)
  5 crimson imps
  2 centaur skeletons
  3 bullfrog skeletons
  9 orc priests
  5 hounds
  Ijyb (D:4)
  10 orc wizards
  4 iguanas
  11 worker ants
  2 hound zombies
  2 hound skeletons
  2 howler monkey zombies
  A worker ant zombie (D:5)
  12 gnolls
  14 adders
  2 shadow imps
  An ooze (D:5)
  An adder zombie (D:5)
  2 adder skeletons
  5 worms
  A dart slug (D:6)
  7 leopard geckos
  39 orcs
  2 bats
  8 giant cockroaches
  8 goblins
  10 hobgoblins
  12 jackals
  7 kobolds
  5 quokkas
  2 ball pythons
  3 frilled lizards
  A giant cockroach zombie (D:5)
  A jackal skeleton (D:5)
  A quokka skeleton (D:5)
  6 rats
  5 fungi
  3 plants
593 creatures vanquished.

Vanquished Creatures (collateral kills)
  Azrael (D:13)
  Snorg (Lair:6)
  A slime creature (D:15)
  An ogre mage (D:15)
  2 ugly things (D:14)
  A centaur zombie (D:15)
  A troll (D:14)
  A wraith (D:14)
  A wyvern (Lair:6)
  A fire elemental (D:13)
  An ogre (D:15)
12 creatures vanquished.

Vanquished Creatures (others)
  A black bear (D:6)
  A bullfrog (D:6)
  A scorpion (D:6)
  2 worker ants (D:6)
  An orc (D:13)
  2 fungi (D:7)
8 creatures vanquished.

Grand Total: 613 creatures vanquished

Notes
Turn   | Place    | Note
-------+----------+-------------------------------------------
     0 | D:1      | Kejsarherre the Deep Dwarf Fighter began the quest for the Orb.
     0 | D:1      | Reached XP level 1. HP: 20/20 MP: 1/1
   108 | D:1      | Reached XP level 2. HP: 21/27 MP: 2/2
   528 | D:1      | Reached XP level 3. HP: 27/34 MP: 3/3
   986 | D:2      | Reached XP level 4. HP: 42/42 MP: 4/4
  1172 | D:2      | Found a radiant altar of Vehumet.
  1372 | D:3      | Found a bloodstained altar of Trog.
  2340 | D:4      | Reached XP level 5. HP: 28/49 MP: 5/5
  2629 | D:4      | Found a burning altar of Makhleb.
  2647 | D:4      | Became a worshipper of Makhleb the Destroyer
  2781 | D:4      | Noticed an ogre
  2788 | D:4      | HP: 1/49 [ogre/giant club (27)]
  2796 | D:4      | Killed an ogre
  2796 | D:4      | Reached XP level 6. HP: 20/57 MP: 5/5
  2899 | D:4      | Reached skill level 5 in Axes
  2902 | D:4      | Found a snail-covered altar of Cheibriados.
  2969 | D:4      | Noticed Ijyb
  2980 | D:4      | Killed Ijyb
  3031 | D:4      | Noticed Edmund
  3046 | D:4      | Killed Edmund
  3222 | D:5      | Entered Level 5 of the Dungeon
  3239 | D:4      | Reached XP level 7. HP: 50/64 MP: 5/5
  3263 | D:4      | Reached skill level 5 in Armour
  3263 | D:4      | Reached skill level 5 in Shields
  3376 | D:5      | Found an iron altar of Okawaru.
  3413 | D:5      | Reached * piety under Makhleb
  3436 | D:5      | Reached skill level 1 in Invocations
  3446 | D:5      | Found a deep blue altar of Sif Muna.
  3485 | D:5      | Found a staircase to the Ecumenical Temple.
  3510 | D:5      | Reached skill level 2 in Invocations
  3799 | D:5      | Reached XP level 8. HP: 34/73 MP: 6/8
  4221 | D:6      | Reached skill level 3 in Invocations
  4306 | D:6      | Reached skill level 4 in Invocations
  4321 | D:6      | Found a snail-covered altar of Cheibriados.
  4433 | D:6      | Found a shattered altar of Ashenzari.
  4438 | D:6      | Reached skill level 5 in Fighting
  4506 | D:6      | Found a shimmering altar of Xom.
  4569 | D:6      | Reached skill level 5 in Invocations
  4611 | D:6      | Found a shadowy altar of Dithmenos.
  4808 | D:7      | Noticed a hippogriff
  4817 | D:6      | Reached ** piety under Makhleb
  4832 | D:7      | Killed a hippogriff
  4832 | D:7      | Gained mutation: You passively map the area around you. [Deep Dwarf growth]
  4832 | D:7      | Reached XP level 9. HP: 67/81 MP: 10/10
  4843 | D:7      | Reached skill level 6 in Invocations
  4938 | D:7      | Found a basalt altar of Yredelemnul.
  4939 | D:7      | Noticed Menkaure
  4946 | D:7      | Killed Menkaure
  5015 | D:7      | Reached skill level 7 in Invocations
  5445 | D:7      | Reached skill level 8 in Invocations
  5445 | D:7      | Reached XP level 10. HP: 91/91 MP: 0/13
  5555 | D:7      | Found a glowing silver altar of Zin.
  5642 | D:8      | Reached *** piety under Makhleb
  5698 | D:8      | Noticed Erica
  5721 | D:8      | Killed Erica
  5760 | D:8      | Reached skill level 9 in Invocations
  5782 | D:8      | Found a hide-covered altar of Uskayaw.
  5790 | D:8      | Reached skill level 10 in Axes
  5946 | D:8      | Found a staircase to the Lair.
  6351 | D:9      | Noticed a two-headed ogre
  6360 | D:9      | Killed a two-headed ogre
  6400 | D:9      | Found Fonkecog's Weapon Shoppe.
  6400 | D:9      | Found a staircase to the Orcish Mines.
  6408 | D:9      | Reached **** piety under Makhleb
  6408 | D:9      | Reached skill level 10 in Invocations
  6415 | D:9      | Found Awemoso's Armour Shoppe.
  6430 | D:9      | Bought a +0 pair of gloves for 72 gold pieces
  6430 | D:9      | Bought a +0 pair of boots for 72 gold pieces
  6536 | D:9      | Reached XP level 11. HP: 68/99 MP: 15/15
  6585 | D:9      | Noticed Erolcha
  6592 | D:9      | Killed Erolcha
  6901 | D:9      | Found Gicuho Gung's Antique Armour Shoppe.
  6974 | D:9      | Found a blossoming altar of Fedhas.
  7027 | D:10     | Entered Level 10 of the Dungeon
  7602 | D:10     | Reached skill level 11 in Invocations
  7621 | D:10     | Noticed a two-headed ogre
  7932 | D:10     | Killed a two-headed ogre
  8072 | Lair:1   | Entered Level 1 of the Lair of Beasts
  8144 | Lair:1   | Reached ***** piety under Makhleb
  8167 | Lair:1   | Noticed Gastronok
  8187 | Lair:1   | Killed Gastronok
  8187 | Lair:1   | Reached skill level 12 in Invocations
  8187 | Lair:1   | Reached XP level 12. HP: 94/109 MP: 16/18
  8321 | Lair:1   | Noticed an eight-headed hydra
  8328 | Lair:1   | Killed an eight-headed hydra
  9288 | Lair:2   | Found a staircase to the Swamp.
  9808 | Lair:2   | Gained mutation: You have a pair of small antennae on your head. [potion of mutation]
  9808 | Lair:2   | Gained mutation: You are partially covered in large bone plates. (SH +4) [potion of mutation]
  9808 | Lair:2   | Gained mutation: You are resistant to electric shocks. (rElec) [potion of mutation]
  9808 | Lair:2   | Gained mutation: You possess an exceptional clarity of mind. [potion of mutation]
 10137 | Lair:3   | Reached skill level 13 in Invocations
 10531 | Lair:4   | Reached skill level 14 in Invocations
 10576 | Lair:4   | Found a hole to the Spider Nest.
 10694 | Lair:4   | Noticed a five-headed hydra
 10700 | Lair:4   | Killed a five-headed hydra
 10700 | Lair:4   | Reached skill level 15 in Invocations
 10915 | Lair:4   | Noticed a death yak
 10916 | Lair:4   | Noticed a death yak
 10916 | Lair:4   | Noticed a death yak
 10918 | Lair:4   | Noticed a death yak
 10920 | Lair:4   | Noticed a death yak
 10923 | Lair:4   | Noticed a death yak
 10928 | Lair:4   | Killed a death yak
 10928 | Lair:4   | Reached XP level 13. HP: 117/117 MP: 21/21
 10959 | Lair:4   | Reached skill level 16 in Invocations
 11523 | Lair:5   | Noticed Kirke
 11541 | Lair:5   | Killed Kirke
 11541 | Lair:5   | Reached skill level 17 in Invocations
 12070 | Lair:6   | Entered Level 6 of the Lair of Beasts
 12130 | Lair:6   | Noticed Snorg
 12145 | Lair:6   | HP: 4/117 [wyvern (8)]
 12145 | Lair:6   | Killed Snorg
 12237 | Lair:6   | Found a staircase to the Slime Pits.
 12255 | Lair:6   | Found a viscous altar of Jiyva.
 12332 | Lair:6   | Reached skill level 18 in Invocations
 12681 | Lair:6   | Reached skill level 19 in Invocations
 12708 | Lair:6   | Noticed a fire dragon
 12720 | Lair:6   | Reached ****** piety under Makhleb
 12751 | Lair:6   | Found a large runed door.
 12752 | Lair:6   | Found a large runed door.
 12786 | Lair:6   | Killed a fire dragon
 13430 | D:11     | Gained mutation: You resist negative energy. (rN+) [Deep Dwarf growth]
 13430 | D:11     | Reached XP level 14. HP: 124/126 MP: 23/23
 13456 | D:11     | Noticed Kejsarherre's ghost (journeyman GrWn)
 13479 | D:11     | Killed Kejsarherre's ghost
 13573 | D:11     | You fall through a shaft for 2 floors!
 13615 | D:13     | Reached skill level 20 in Invocations
 13652 | D:13     | Found a gate to the Vaults.
 14020 | D:13     | Reached skill level 21 in Invocations
 14025 | D:13     | Noticed Azrael
 14057 | D:13     | Killed Azrael
 14367 | D:14     | Noticed Rupert
 14383 | D:14     | Killed Rupert
 14383 | D:14     | Reached skill level 1 in Dodging
 14415 | D:14     | Found a glowing golden altar of the Shining One.
 14516 | D:14     | Reached skill level 10 in Shields
 14522 | D:14     | Reached skill level 10 in Armour
 14796 | D:14     | Found Taoffiugh's Jewellery Shop.
 14931 | D:15     | Entered Level 15 of the Dungeon
 14945 | D:15     | Found Kuixuf's Distillery.
 14955 | D:15     | Bought a potion of ambrosia for 120 gold pieces
 15228 | D:15     | Found a frozen archway.
 15247 | IceCv    | Entered an ice cave
 15292 | IceCv    | Reached XP level 15. HP: 112/134 MP: 25/25
 15423 | IceCv    | Noticed a frost giant
 15441 | IceCv    | Killed a frost giant
 16287 | D:15     | Slain by a very large slime creature

Skill      XL: |  1  2  3  4  5  6  7  8  9 10 11 12 13 14 15 |
---------------+----------------------------------------------+-----
Fighting       | 3 4 5 6 7 8 9 |  9.1
Axes           | 3 4 5 6 8 9 10 11 12 | 12.6
Shields        | 4 5 6 7 8 9 11 | 11.6
Armour         | 4 5 6 7 8 9 10 | 10.8
Invocations    | 2 5 8 10 12 15 19 21 | 21.3
Dodging        | 3 4 |  4.7

Action                   |  1- 3 |  4- 6 |  7- 9 | 10-12 | 13-15 || total
-------------------------+-------+-------+-------+-------+-------++-------
Melee: War axe           |    93 |   214 |   330 |   613 |  1048 ||  2298
Invok: Minor Destruction |       |       |       |    12 |    30 ||    42
       Greater Servant o |       |       |       |       |     6 ||     6
       Lesser Servant of |       |       |       |       |     1 ||     1
 Abil: Heal Wounds       |     1 |     5 |     7 |       |    12 ||    25
Evoke: Wand              |       |       |       |     1 |    10 ||    11
  Use: Scroll            |       |     6 |     1 |    12 |     9 ||    28
       Potion            |       |     1 |       |     1 |       ||     2
 Stab: Distracted        |       |       |       |     1 |     3 ||     4
       Petrified         |       |       |       |       |     4 ||     4
  Eat: Chunk             |       |     8 |     7 |    18 |    16 ||    49
       Ration            |       |       |       |     1 |     1 ||     2
Armor: Scale mail        |    40 |   104 |   114 |       |       ||   258
       Plate armour      |       |       |    19 |   293 |   489 ||   801
Dodge: Dodged            |    28 |    67 |    78 |   101 |   210 ||   484
Block: Shield            |    47 |   118 |   182 |   354 |   723 ||  1424
